 Dungeon Crawl Stone Soup version 0.23-a0-650-ga4d50d4 (webtiles) character file.

46 Borgoz the Cutter (level 3, -2/24 HPs)
             Began as a Kobold Berserker on Jan 2, 2019.
             Was a Follower of Trog.
             Slain by a worm (10 damage)
             ... on level 2 of the Dungeon.
             The game lasted 00:01:21 (1040 turns).

Borgoz the Cutter (Kobold Berserker)                Turns: 1040, Time: 00:01:22

Health: -2/24      AC:  2    Str: 14    XL:     3   Next: 95%
Magic:  3/3        EV: 15    Int:  8    God:    Trog [*.....]
Gold:   45         SH:  0    Dex: 15    Spells: 2/2 levels left

rFire    . . .     SeeInvis .   a - +0 short sword
rCold    . . .     Gourm    .   (shield restricted)
rNeg     . . .     Faith    .   b - +0 animal skin
rPois    .         Spirit   .   (no helmet)
rElec    .         Reflect  .   (no cloak)
rCorr    .         Harm     .   (no gloves)
MR       .....                  (no boots)
Stlth    +.........             (no amulet)
HPRegen  0.08/turn              (no ring)
MPRegen  0.08/turn              (no ring)

@: no status effects
A: small, carnivore
a: Berserk, Renounce Religion


You were on level 2 of the Dungeon.
You worshipped Trog.
Trog was aware of your devotion.
You were not hungry.

You visited 1 branch of the dungeon, and saw 2 of its levels.

You collected 45 gold pieces.

Inventory:

Hand Weapons
 a - a +0 short sword (weapon)
Armour
 b - a +0 animal skin (worn)
Jewellery
 e - a cursed -2 ring of intelligence {unknown}
Scrolls
 d - 2 scrolls of remove curse {unknown}
 f - 2 scrolls of fog {unknown}
 g - a scroll of enchant weapon {unknown}
 h - 3 scrolls of magic mapping {unknown}
 k - a scroll of enchant armour {unknown}
Potions
 i - a potion of cancellation {unknown}
 j - a potion of might {unknown}
 l - a potion of mutation {unknown}
Comestibles
 c - 2 rations


   Skills:
 + Level 4.1 Fighting
 + Level 4.9 Short Blades
 + Level 1.7 Armour
 + Level 2.7 Dodging


You had 2 spell levels left.
You didn't know any spells.
Your spell library was empty.

Dungeon Overview and Level Annotations

Branches:
Dungeon (2/15)

Altars:


Innate Abilities, Weirdness & Mutations

You are small and have problems with some larger weapons.
You are carnivorous and can eat meat at any time.


Message History

The bat hits you but does no damage.
You closely miss the bat. The bat barely misses you.
You hit the kobold.
You kill the kobold!
Trog accepts your kill. The bat hits you but does no damage.
The bat barely misses you.
You hit the bat.
The bat is heavily wounded.
The bat barely misses you. The bat hits you.
You closely miss the bat.
The bat is heavily wounded.
The bat closely misses you.
You hit the bat.
You kill the bat!
Trog accepts your kill.
You barely miss the worm. You hit the worm.
The worm is lightly wounded.
The worm bites you!
You die...

###... [....#
....# .. ....#
... ##
#...#..#. #.
###.#...(.8
#.####. #.....#
#......##.....#
#....@w)###.#
#...###.# .####
..... #.#
#..... ...#.
##)##.... #.
#.###.(#†.# #.
# #...#.#>.# .#
#)####.....##
#..)..#....##
###...##..#


You could see a worm.

Vanquished Creatures
  Jessica (D:2)
  A dart slug (D:1)
  4 bats
  2 goblins
  3 hobgoblins (D:2)
  A frilled lizard (D:1)
  5 kobolds
  3 rats
20 creatures vanquished.

Notes
Turn   | Place    | Note
-------+----------+-------------------------------------------
     0 | D:1      | Borgoz the Kobold Berserker began the quest for the Orb.
     0 | D:1      | Reached XP level 1. HP: 14/14 MP: 1/1
   125 | D:1      | Reached XP level 2. HP: 5/19 MP: 2/2
   969 | D:2      | Noticed Jessica
   983 | D:2      | Killed Jessica
   983 | D:2      | Reached XP level 3. HP: 14/24 MP: 3/3
  1040 | D:2      | Slain by a worm

Vault maps used:
D:1:      ncdulo_wetmaze
D:2:      good_gods_temple_1, minmay_nonomino_d4, uniq_natasha, uniq_jessica,
          uniq_terence

Skill      XL: |  1  2 |
---------------+-------+-----
Fighting       | 4 |  4.1
Short Blades   | |  4.9
Armour         | |  1.7
Dodging        | |  2.7

Action                   || total
-------------------------++-------
Melee: Short sword       ||    70
  Eat: Chunk             ||     3
Armor: Animal skin       ||    10
Dodge: Dodged            ||    51

Table legend:
 A = Non-vault XP
 B = Vault XP
 C = Vault XP percentage of total XP
 D = Non-vault monster count
 E = Vault monster count
 F = Vault count percentage of total count
                 A         B        C        D         E       F
            +---------+---------+-------+---------+---------+-------
      Total |      23 |      44 |  65.7 |      14 |       6 |  30.0
            +---------+---------+-------+---------+---------+-------
        D:1 |      13 |       0 |   0.0 |       8 |       0 |   0.0
        D:2 |      10 |      44 |  81.5 |       6 |       6 |  50.0
            +---------+---------+-------+---------+---------+-------
